AoeStats
← Twityss

Black Forest

504205082Analyzed
2v2 RM · 27d ago on Sep 4, 2026· 55m 2s· 4 players
Game mode
Random Map
Map size
Medium (4 player)
Population
200
Speed
Normal
Resources
Standard
Victory
Conquest
Starting age
Dark Age
Ending age
Imperial Age
RankedLock teamsTeams togetherTeam positionsShared explorationLock speedFull tech treeHidden civsTurbo modeCheats
Victory
Defeat
🇨🇳 Britons · China
570
+13
🇨🇳 Chinese · China
545
+13
🇹🇷 Chinese · Türkiye
502
-13
🇹🇷 Persians · Türkiye
502
-13
比奇堡莽夫
0:26 Loom
11:35 Feudal Age
12:09 Double-Bit Axe
12:07 Horse Collar
19:45 Castle Age
18:23 Gold Mining
18:24 Stone Mining
19:19 Fletching
19:30 Padded Archer Armor
21:11 Bow Saw
21:02 Heavy Plow
21:47 Gold Shaft Mining
22:00 Stone Shaft Mining
26:48 Fletching
26:59 Padded Archer Armor
28:13 Bodkin Arrow
28:33 Leather Archer Armor
33:44 Imperial Age
35:05 Elite Chu Ko Nu
36:10 Conscription
36:43 Ballistics
36:30 Thumb Ring
36:36 Pikeman
37:18 Squires
37:20 Bracer
37:51 Ring Archer Armor
38:14 Wheelbarrow
37:25 Town Watch
37:38 Halberdier
38:33 Great Wall
41:28 Chemistry
40:53 Rocketry
41:09 Scale Barding Armor
41:15 Forging
43:31 Caravan
46:48 Iron Casting
46:14 Scale Mail Armor
49:40 Herbal Medicine
Twityss
4:51 Loom
11:31 Feudal Age
12:04 Double-Bit Axe
13:26 Gold Mining
18:12 Wheelbarrow
17:21 Horse Collar
22:44 Castle Age
21:29 Stone Mining
21:56 Fletching
22:56 Padded Archer Armor
23:21 Crossbowman
23:58 Bodkin Arrow
24:49 Gold Shaft Mining
24:23 Town Watch
27:04 Leather Archer Armor
28:42 Ballistics
29:47 Hand Cart
30:08 Town Patrol
29:51 Pikeman
30:31 Squires
30:17 Arson
30:34 Scale Mail Armor
32:01 Bow Saw
33:34 Murder Holes
33:51 Forging
36:01 Yeomen
37:00 Iron Casting
38:58 Imperial Age
36:36 Heavy Plow
38:55 Treadmill Crane
40:11 Conscription
39:15 Elite Longbowman
39:57 Bracer
40:31 Halberdier
42:00 Warwolf
44:32 Caravan
47:27 Ring Archer Armor
47:57 Blast Furnace
47:03 Scale Barding Armor
47:13 Chain Mail Armor
46:22 Cavalier
47:03 Husbandry
50:53 Chain Barding Armor
50:15 Arbalester
52:37 Chemistry
Bay Gandalf
0:45 Loom
15:58 Feudal Age
17:14 Wheelbarrow
16:23 Horse Collar
16:33 Double-Bit Axe
19:41 Gold Mining
23:28 Stone Mining
27:18 Castle Age
25:37 Man-at-Arms
26:38 Bloodlines
27:08 Scale Barding Armor
27:15 Light Cavalry
27:56 Husbandry
28:30 Heavy Plow
29:24 Hand Cart
31:08 Chain Barding Armor
33:19 Long Swordsman
33:46 Gambesons
34:03 Squires
34:50 Gold Shaft Mining
34:54 Stone Shaft Mining
35:37 Bow Saw
43:18 Imperial Age
43:26 Capped Ram
45:28 Hussar
49:01 Arson
50:11 Plate Barding Armor
49:37 Scale Mail Armor
49:47 Forging
PainEATER
0:48 Loom
12:22 Feudal Age
13:17 Double-Bit Axe
13:33 Fishing Lines
15:25 Horse Collar
15:53 Gold Mining
18:59 Wheelbarrow
23:23 Castle Age
22:47 Stone Mining
25:36 Hand Cart
25:51 Bow Saw
25:21 Man-at-Arms
27:29 Gold Shaft Mining
26:52 Long Swordsman
27:00 Long Swordsman
30:52 Squires
31:57 Arson
32:20 Heavy Plow
34:01 Stone Shaft Mining
33:28 Gillnets
41:34 Forging
41:24 Scale Mail Armor
41:30 Scale Barding Armor
Connection lost

Rejoining the realm…

Still unreachable

The connection could not be restored.

Session expired

The server has moved on; the page needs a fresh start.